 Dungeon Crawl Stone Soup version 0.27.1 (webtiles) character file.

Game seed: 771946065987441712

15561 Kinoniko the Basher (level 12, 0/84 HPs)
             Began as a Demonspawn Berserker on Sept 1, 2021.
             Was a High Priest of Trog.
             Slain by a blink frog (8 damage)
             ... on level 3 of the Lair of Beasts.
             The game lasted 00:13:06 (12697 turns).

Kinoniko the Basher (Demonspawn Berserker)         Turns: 12697, Time: 00:13:06

Health: 0/84       AC: 16    Str: 21    XL:     12   Next: 2%
Magic:  12/12      EV:  9    Int:  9    God:    Trog [*****.]
Gold:   804        SH:  0    Dex: 14    Spells: 11/11 levels left

rFire    . . .     SeeInvis +   E - +1 eveningstar (vorpal)
rCold    . . .     Faith    .   (no shield)
rNeg     . . .     Spirit   .   B - +0 chain mail
rPois    +         Reflect  .   f - +0 helmet
rElec    .         Harm     .   (no cloak)
rCorr    .         Rampage  .   (no gloves)
Will     .....                  (no boots)
Stlth    ..........             D - amulet of regeneration
HPRegen  1.24/turn              m - ring of see invisible
MPRegen  0.13/turn              H - ring of poison resistance

@: about to teleport, sanguine armoured, on berserk cooldown, slowed, very slow
A: talons 2, spiny 2, sanguine armour 1, demonic magic 2
a: Renounce Religion, Berserk, Trog's Hand, Brothers in Arms


You were on level 3 of the Lair of Beasts.
You worshipped Trog.
Trog was extremely pleased with you.
You visited 2 branches of the dungeon, and saw 12 of its levels.
You also visited: Ossuary.

You collected 804 gold pieces.

Inventory:

Hand Weapons
 a - a +1 hand axe
 x - a +1 whip of electrocution
 A - a +1 whip of venom
 E - a +1 vorpal eveningstar (weapon)
Armour
 f - a +0 helmet (worn)
 B - a +0 chain mail (worn)
Jewellery
 m - a ring of see invisible (left hand)
 y - an amulet of reflection
 D - an amulet of regeneration (around neck)
 H - a ring of poison resistance (right hand)
 I - a ring of positive energy
Wands
 h - a wand of iceblast (18)
 t - a wand of polymorph (9)
 C - a wand of mindburst (10)
 G - a wand of flame (24)
Scrolls
 b - a scroll of magic mapping
 e - 2 scrolls of immolation
 g - a scroll of silence
 l - a scroll of summoning
 o - 5 scrolls of teleportation
 u - a scroll of enchant weapon
Potions
 c - 3 potions of attraction
 d - 5 potions of heal wounds
 i - 7 potions of haste
 j - 3 potions of curing
 k - 3 potions of brilliance
 n - a potion of berserk rage
 p - 5 potions of lignification
 q - a potion of might
 r - 2 potions of magic
 s - a potion of mutation
 v - 2 potions of cancellation
 w - a potion of ambrosia {unknown}
 z - 2 potions of flight {unknown}
 F - a potion of invisibility {unknown}


   Skills:
 + Level 4.7 Fighting
 - Level 10.6(13.3) Axes
 * Level 13.3(14.6) Maces & Flails
 + Level 3.6 Armour
 + Level 3.6 Dodging


You had 11 spell levels left.
You didn't know any spells.
Your spell library was empty.

Dungeon Overview and Level Annotations

Branches:
Dungeon (9/15)             Temple (0/1) D:7            Lair (3/6) D:8
 Shoals (0/4) Lair:2        Snake (0/4) Lair:3      Ossuary (visited)
    Orc: D:9-12

Altars:
Vehumet

Shops:
D:1 =   D:4 *

Annotations:
D:9 Maurice


Innate Abilities, Weirdness & Mutations

You have razor-sharp toenails.
You are mostly covered in sharp spines.
When seriously injured, your bleeding wounds create armour. (AC +6)
Spells you cast may paralyse nearby enemies.


Message History

You start resting.
You feel a strong urge to attack something.
You start resting.
You feel your anger nearly subside.
You are no longer berserk.
You are exhausted.
You feel yourself slow down.
You start resting.
A blink frog comes into view.
A blink frog is nearby!
A blink frog comes into view. x2
The blink frog croaks.
You hear a loud, deep croak!
A blink frog comes into view.
There are monsters nearby!
The blink frog blinks!
The blink frog hits you but does no damage.
As you read the scroll of teleportation, it crumbles to dust.
You feel strangely unstable.
The blink frog is struck by your spines.
The blink frog hits you but does no damage.
The blink frog is struck by your spines.
The blink frog hits you!
The blink frog is struck by your spines.
The blink frog barely misses you.
The blink frog is struck by your spines.
The blink frog hits you.
Your surroundings suddenly seem different. 5 hell rats, a cane toad and 4 blink frogs come into view.
The hell rat roars deafeningly! x4; The blink frog croaks.
The blink frog gives a loud, deep croak! x2
The cane toad gives a loud, deep croak!
You hear a croak.
The blink frog blinks!
The cane toad stings you!
* * * LOW HITPOINT WARNING * * *
As you read the scroll of teleportation, it crumbles to dust.
You feel strangely unstable.
The blink frog is struck by your spines.
The blink frog hits you!
* * * LOW HITPOINT WARNING * * *
The blink frog is struck by your spines.
The blink frog hits you!
You die...

## .# ### #.##
. #..#
##...##..
##..##........
##.............
#.....≈≈Fr...§.
......≈@FF.....
......≈F≈F...#.
......≈r≈....#
..#..rr......#
. ##.r.........
####........
##.......
#...... ..# ...


You could see a cane toad, 4 blink frogs and 5 hell rats.

Vanquished Creatures
  A hydra (Lair:3)
  Erica (D:8)
  A merfolk siren (Lair:2)
  4 black mambas (Lair:3)
  3 cane toads
  Joseph (D:7)
  2 komodo dragons (Lair:3)
  A troll (D:7)
  A hornet (D:8)
  4 blink frogs (Lair:1)
  Eustachio (D:5)
  3 basilisks
  12 yaks
  2 wyverns (Lair:3)
  4 humans (D:6)
  Menkaure (D:5)
  3 wargs (D:8)
  11 water moccasins
  An orc warrior (D:8)
  A sky beast (D:7)
  2 ogres
  2 black bears (D:5)
  2 necrophages (D:6)
  A centaur (D:8)
  18 wolves
  A phantom (D:4)
  3 kobold brigands
  6 bullfrogs
  A water moccasin zombie (D:5)
  6 scorpions
  A wyvern zombie (D:8)
  A water moccasin skeleton (D:5)
  9 killer bees
  3 howler monkeys
  A bullfrog zombie (D:5)
  A jelly (D:8)
  5 orc priests
  3 bullfrog skeletons (D:5)
  A hound (D:5)
  A gnoll shaman (D:7)
  4 iguanas
  2 orc wizards
  A killer bee zombie (D:6)
  2 hound zombies (D:5)
  8 mummies (Ossuary)
  2 howler monkey zombies (D:5)
  15 gnolls
  A howler monkey skeleton (D:5)
  11 adders
  A shadow imp (D:6)
  2 white imps
  An adder skeleton (D:4)
  A worm (D:2)
  14 orcs
  11 ball pythons
  7 endoplasms
  3 giant cockroaches
  A gnoll zombie (Ossuary)
  9 hobgoblins
  24 kobolds
  3 quokkas
  10 bats
  4 frilled lizards
  7 goblins
  3 hobgoblin zombies (Ossuary)
  3 kobold zombies (Ossuary)
  An orc zombie (Ossuary)
  8 rats
285 creatures vanquished.

Vanquished Creatures (others)
  6 fungi (Lair:3)
  11 plants
17 creatures vanquished.

Grand Total: 302 creatures vanquished

Notes
Turn   | Place    | Note
-------+----------+-------------------------------------------
     0 | D:1      | Kinoniko the Demonspawn Berserker began the quest for the
                  | Orb.
     0 | D:1      | Reached XP level 1. HP: 18/18 MP: 1/1
    17 | D:1      | Found Sebbad's Jewellery Emporium.
   119 | D:1      | Gained mutation: When seriously injured, your bleeding
                  | wounds create armour. (AC +6) [demonic ancestry]
   119 | D:1      | Reached XP level 2. HP: 21/24 MP: 2/2
   232 | D:1      | Found a faded altar of an unknown god.
   838 | D:2      | Reached ** piety under Trog
   859 | D:2      | Gained mutation: Spells you cast may paralyse adjacent
                  | enemies. [demonic ancestry]
   859 | D:2      | Reached XP level 3. HP: 25/29 MP: 3/3
  1537 | D:2      | Gained mutation: You are partially covered in sharp spines.
                  | [demonic ancestry]
  1537 | D:2      | Reached XP level 4. HP: 23/35 MP: 4/4
  2324 | D:3      | Reached skill level 5 in Axes
  2866 | D:4      | Reached XP level 5. HP: 8/41 MP: 5/5
  3111 | D:4      | Found Fopas's Neck Hole.
  3116 | D:4      | Reached *** piety under Trog
  3121 | D:4      | Found a sand-covered staircase.
  3126 | D:4      | Noticed a phantom
  3131 | Ossuary  | Entered an ossuary
  3594 | Ossuary  | Reached XP level 6. HP: 32/47 MP: 6/6
  4948 | D:5      | Entered Level 5 of the Dungeon
  4964 | D:5      | Gained mutation: You are mostly covered in sharp spines.
                  | [demonic ancestry]
  4964 | D:5      | Reached XP level 7. HP: 45/52 MP: 7/7
  5085 | D:5      | Noticed Eustachio
  5099 | D:5      | Killed Eustachio
  5256 | D:5      | Noticed Menkaure
  5263 | D:5      | Killed Menkaure
  5472 | D:5      | Reached XP level 8. HP: 36/58 MP: 8/8
  5847 | D:5      | Reached skill level 10 in Axes
  6428 | D:6      | Reached **** piety under Trog
  6429 | D:6      | Reached skill level 1 in Maces & Flails
  6496 | D:6      | Reached skill level 2 in Maces & Flails
  6563 | D:6      | Gained mutation: Spells you cast may paralyse nearby
                  | enemies. [demonic ancestry]
  6563 | D:6      | Reached XP level 9. HP: 63/63 MP: 9/9
  6571 | D:6      | Reached skill level 3 in Maces & Flails
  6575 | D:6      | Reached skill level 4 in Maces & Flails
  6768 | D:6      | Reached skill level 5 in Maces & Flails
  7082 | D:6      | Found a radiant altar of Vehumet.
  7373 | D:6      | Reached skill level 6 in Maces & Flails
  7676 | D:7      | Reached skill level 7 in Maces & Flails
  7893 | D:7      | Noticed a troll
  7908 | D:7      | Killed a troll
  7932 | D:7      | Noticed Joseph
  8167 | D:7      | Killed Joseph
  8168 | D:7      | Reached skill level 8 in Maces & Flails
  8382 | D:7      | Found a staircase to the Ecumenical Temple.
  8509 | D:7      | Reached XP level 10. HP: 70/70 MP: 10/10
  9083 | D:8      | Noticed Erica
  9105 | D:8      | Killed Erica
  9106 | D:8      | Reached skill level 9 in Maces & Flails
  9674 | D:8      | Found a staircase to the Lair.
  9845 | D:8      | Reached skill level 10 in Maces & Flails
 10575 | D:9      | Noticed Maurice
 10616 | Lair:1   | Entered Level 1 of the Lair of Beasts
 10624 | Lair:1   | Reached ***** piety under Trog
 10632 | Lair:1   | Reached skill level 11 in Maces & Flails
 10762 | Lair:1   | Gained mutation: You have sharp toenails. [demonic
                  | ancestry]
 10762 | Lair:1   | Reached XP level 11. HP: 74/75 MP: 11/11
 10827 | Lair:1   | Received a gift from Trog
 10893 | Lair:1   | Reached skill level 12 in Maces & Flails
 12026 | Lair:2   | Found a dark tunnel.
 12197 | Lair:2   | Found a staircase to the Shoals.
 12430 | Lair:3   | Found a staircase to the Snake Pit.
 12430 | Lair:3   | Noticed an eight-headed hydra
 12434 | Lair:3   | Killed an eight-headed hydra
 12445 | Lair:3   | Reached skill level 13 in Maces & Flails
 12681 | Lair:3   | Gained mutation: You have razor-sharp toenails. [demonic
                  | ancestry]
 12681 | Lair:3   | Reached XP level 12. HP: 50/84 MP: 12/12
 12697 | Lair:3   | Slain by a blink frog

Illustrated notes

Levels and vault maps discovered:
D:1:      sevenhm_arrival_forest_fort_small_4, layout_basic, serial_shops, shop,
          hellmonk_ecumenical_altar_zigzags
D:2:      layout_basic, st_stairs_6
D:3:      layout_basic
D:4:      kb_forest_paths, layout_basic, lightli_ossuary_entry_decrepit_ruins,
          nicolae_shop_sticking_my_neck_out
D:5:      layout_basic, serial_undead, serial_undead_f, serial_undead_d,
          serial_undead_c, serial_undead_a, uniq_menkaure, uniq_eustachio
D:6:      layout_rooms, lemuel_doored_altar, minmay_ruffians
D:7:      layout_basic, minmay_temple_entry_antechambers, uniq_joseph
D:8:      layout_loops_ring, erik_lair_orcish_takeover,
          kennysheep_generic_room_12, uniq_erica
D:9:      layout_loops_cross, hangedman_decor_growths, uniq_maurice, uniq_psyche
Lair:1:   layout_cave_shapes
Lair:2:   layout_regular_city, elwin_shoals_entry_rooms, enter_volcano_4,
          serial_bayou_crossing, lemuel_fruit_tree
Lair:3:   layout_layer_cave, minmay_snake_entry_six_corridors,
          chequers_serial_rivers_micro_d

Skill      XL: |  1  2  3  4  5  6  7  8  9 10 11 |
---------------+----------------------------------+-----
Axes           | 3 4 5 6 7 9 10 | 10.6
Maces & Flails | 2 8 11 13 | 13.3
Armour         | 3 |  3.6
Dodging        | 3 |  3.6
Fighting       | 4 |  4.7

Action                   |  1- 3 |  4- 6 |  7- 9 | 10-12 || total
-------------------------+-------+-------+-------+-------++-------
Melee: Hand axe          |   157 |   169 |    86 |       ||   412
       Whip              |       |       |   139 |   257 ||   396
       Eveningstar       |       |       |       |   120 ||   120
       Kick              |       |       |       |    38 ||    38
Invok: Berserk           |       |     6 |    13 |    11 ||    30
  Use: Scroll            |       |    13 |     4 |     5 ||    22
 Stab: Sleeping          |     1 |       |       |       ||     1
Armor: Animal skin       |    10 |       |       |       ||    10
       Ring mail         |    56 |    51 |    67 |    54 ||   228
       Chain mail        |       |       |       |    20 ||    20
Dodge: Dodged            |   108 |    72 |   105 |   143 ||   428
